cohdb
Replays
Latest Replays
All Replays
Popular Replays
Top Player Replays
Match Explorer
How It Works
Community
CoH3 Stats
Reddit
Sign in to upload your games and track your stats! →
Sign in with Steam
Match 40904795
Unlisted
Match 40904795
Overview
Messages
Build Orders
End
Construct Barracks
Selects Heavy Weapons
Riflemen Squad
Riflemen Squad
Grenade Package
1⁄4-ton 4x4 Truck
Construct Medical Station
Construct Weapon Support Center
M1919 Machine Gun Team
Selects M2HB .50cal Heavy Machine Gun
Selects Assault Carriers
Mechanized Support Center
M3 Assault Carrier
Bazooka Squad
Improvised Armor
Engineer Squad
Designate Forward Repair Station
M1918 Browning Automatic Rifles
Selects Exchangeable Parts
M3 Assault Carrier
Riflemen Squad
M1919 Machine Gun Team
Salvage Crew
Selects M26 Pershing Heavy Tank
M26 Pershing Heavy Tank
M3 Assault Carrier
Selects Gallant Stand
Construct Tank Depot
Riflemen Squad
Selects Black Dragon Artillery Barrage
M4A1 Sherman Medium Tank
Black Dragon Artillery Barrage
Khayyam
Corpse
Leo invictum
Murda
0
0
Comments
sign in to comment!
No comments posted yet!